 Dungeon Crawl Stone Soup version 0.19.5 (webtiles) character file.

226 theAP the Slasher (level 6, -2/49 HPs)
             Began as a Formicid Fighter on Apr 8, 2017.
             Slain by a gnoll
             ... wielding a +0 spear
              (3 damage)
             ... on level 3 of the Dungeon.
             The game lasted 00:04:57 (1957 turns).

theAP the Slasher (Formicid Fighter)                Turns: 1957, Time: 00:04:58

Health: -2/49      AC:  8    Str: 27    XL:     6   Next: 21%
Magic:  6/6        EV:  8    Int:  8    God:
Gold:   78         SH: 10    Dex: 10    Spells: 0 memorised, 5 levels left

rFire  . . .     SeeInvis +     a - +0 long sword
rCold  . . .     Gourm    .     b - +0 scale mail
rNeg   . . .     Faith    .     c - +0 shield
rPois  .         Spirit   .     (helmet unavailable)
rElec  .         Reflect  .     (no cloak)
rCorr  .         Harm     .     j - +0 pair of gloves
MR     .....                    (no boots)
Stlth  +.........               (no amulet)
                                (no ring)
                                m - ring of stealth

@: mighty
A: permanent stasis, dig shafts and tunnels, four strong arms, antennae 3
a: Dig, Shaft Self


You were on level 3 of the Dungeon.
You were not hungry.

You visited 1 branch of the dungeon, and saw 3 of its levels.

You collected 78 gold pieces.

Inventory:

Hand Weapons
 a - a +0 long sword (weapon)
Armour
 b - a +0 scale mail (worn)
 c - a +0 shield (worn)
 j - a +0 pair of gloves (worn)
Jewellery
 m - a ring of stealth (left hand)
Potions
 e - 2 potions of resistance
 g - a potion of degeneration
 h - a potion of berserk rage {unknown}
 i - a potion of mutation {unknown}
 k - a potion of agility {unknown}
Comestibles
 f - a bread ration
 l - a chunk of flesh


   Skills:
 + Level 4.5 Fighting
 * Level 5.3 Long Blades
 - Level 3.2 Armour
 - Level 3.6 Shields


You had 5 spell levels left.
You didn't know any spells.

Dungeon Overview and Level Annotations

Branches:
Dungeon (3/15)

Altars:


Innate Abilities, Weirdness & Mutations

You are under a permanent stasis effect.
You can dig through walls and to a lower floor.
Your four strong arms can wield two-handed weapons with a shield.
You have a pair of large antennae on your head. (SInv)


Message History

The gnoll hits you with a spear.
* * * LOW HITPOINT WARNING * * *
You see here a whip.
You closely miss the gnoll. You block the gnoll's attack.
The gnoll hits you from afar with a spear.
* * * LOW HITPOINT WARNING * * *
You slice the gnoll!!
You kill the gnoll!
The gnoll hits you from afar with a spear.
* * * LOW HITPOINT WARNING * * *
You slash the rat!
You kill the rat!
You hear the slow rusting of a very distant drain.
The gnoll hits you but does no damage. x2
You block the gnoll's attack.
You see here a spear.
The gnoll hits you with a spear.
* * * LOW HITPOINT WARNING * * *
The gnoll hits you with a spear.
You die...

## # .# ##.### .# ..
... .# ##.##.###.#
#.........#
...........#
.#...#.##g########
#.. #..@.)).....#
#........######.#
##.####### #.# ##+#
#.# ##...## #.#
##.....## ####.#
##.......## ##.##.#
#.........####.....#
+.........'.......##


You could see a gnoll.

Vanquished Creatures
  Ijyb (D:2)
  Robin (D:2)
  4 adders
  5 gnolls
  2 worms (D:2)
  4 leopard geckos
  8 giant cockroaches
  10 hobgoblins
  6 jackals
  5 kobolds
  10 bats
  6 frilled lizards
  20 goblins
  12 rats
94 creatures vanquished.

Notes
Turn   | Place    | Note
-------+----------+-------------------------------------------
     0 | D:1      | theAP the Formicid Fighter began the quest for the Orb.
     0 | D:1      | Reached XP level 1. HP: 18/18 MP: 1/1
    63 | D:1      | Reached XP level 2. HP: 24/24 MP: 2/2
   457 | D:1      | Reached XP level 3. HP: 29/29 MP: 3/3
   496 | D:1      | Reached skill level 3 in Long Blades
   845 | D:2      | Reached XP level 4. HP: 35/37 MP: 4/4
   852 | D:2      | Noticed Ijyb
   859 | D:2      | Killed Ijyb
   934 | D:2      | Reached skill level 4 in Long Blades
  1020 | D:2      | Reached XP level 5. HP: 35/42 MP: 5/5
  1124 | D:2      | Noticed Robin
  1184 | D:2      | Killed Robin
  1866 | D:3      | Reached skill level 5 in Long Blades
  1866 | D:3      | Reached XP level 6. HP: 46/49 MP: 6/6
  1956 | D:3      | HP: 1/49 [gnoll/spear (5)]
  1957 | D:3      | Slain by a gnoll

Skill      XL: |  1  2  3  4  5 |
---------------+----------------+-----
Long Blades    | 3 4 5 |  5.3
Fighting       | 4 |  4.5
Armour         | |  3.2
Shields        | |  3.6

Action                   |  1- 3 |  4- 6 || total
-------------------------+-------+-------++-------
Melee: Long sword        |   108 |   176 ||   284
  Use: Scroll            |       |     3 ||     3
       Potion            |       |     1 ||     1
  Eat: Chunk             |       |     4 ||     4
Armor: Scale mail        |    54 |   100 ||   154
Dodge: Dodged            |    44 |    71 ||   115
Block: Shield            |    56 |   133 ||   189
       Rpst.: Long sword |    16 |    18 ||    34
